| TOP OF THE 1ST |
|
Lakewood BlueClaws batting - Pitching for South Bend Cubs : RHP Jake Newman
|
|
Pitching: RHP Jake Newman
|
|
|
Batting: RHB Mark Schultz
|
0-0: Ball 1-0: Ball 2-0: Called Strike 2-1: Ball 3-1: Foul Ball, location: 2F 3-2: Base on Balls
|
|
Batting: RHB Vaclav Been
|
0-0: Grounds into double play, 6-4-3 (Groundball, 6M, EV 101.2 MPH)
|
|
Batting: SHB Marco de Leon
|
0-0: Ball 1-0: Swinging Strike 1-1: Called Strike 1-2: Strikes out looking
|
| Top of the 1st over - 0 runs, 0 hits, 0 errors, 0 left on base; Lakewood 0 - South Bend 0 |
| BOTTOM OF THE 1ST |
|
South Bend Cubs batting - Pitching for Lakewood BlueClaws : RHP Joe Morse
|
|
Pitching: RHP Joe Morse
|
|
|
Batting: RHB Rich Thurman
|
0-0: Ball 1-0: Swinging Strike 1-1: Swinging Strike 1-2: Ball 2-2: Foul Ball, location: 2F 2-2: SINGLE (Groundball, 23, EV 65.0 MPH) (infield hit)
|
|
Batting: RHB Puluke Konane
|
0-0: Called Strike 0-1: Ball 1-1: TRIPLE (Flyball, 89XD, EV 108.8 MPH) Rich Thurman scores
|
|
Batting: RHB Mike Savage
|
0-0: Ground out 3-1 (Groundball, 34, EV 87.5 MPH) Puluke Konane scores
|
|
Batting: RHB Leonardo Nava
|
0-0: Ball 1-0: Foul Ball, location: 2F 1-1: Ball 2-1: Ball 3-1: Base on Balls
|
|
Batting: LHB Kwang-chih Men
|
0-0: Ball Leonardo Nava steals 2nd, throwing error, E2 Leonardo Nava to third 1-0: Swinging Strike 1-1: Foul Ball, location: 2F 1-2: Ball 2-2: Ground out 4-3 (Groundball, 4D, EV 103.1 MPH) Leonardo Nava scores
|
|
Batting: SHB Gabriel Cruz
|
0-0: Ball 1-0: Swinging Strike 1-1: Swinging Strike 1-2: Ball 2-2: Strikes out swinging, 2-3 out at first.
|
| Bottom of the 1st over - 3 runs, 2 hits, 1 error, 0 left on base; Lakewood 0 - South Bend 3 |
| TOP OF THE 2ND |
|
Lakewood BlueClaws batting - Pitching for South Bend Cubs : RHP Jake Newman
|
|
Batting: RHB Victor Arroyo
|
0-0: Called Strike 0-1: Swinging Strike 0-2: Strikes out swinging
|
|
Batting: RHB Roberto Ruiz
|
0-0: Foul Ball, location: 2F 0-1: Foul Ball, location: 2F 0-2: Ground out 6-3 (Groundball, 6S, EV 83.1 MPH)
|
|
Batting: LHB Alex Fernandez
|
0-0: Ball 1-0: Ball 2-0: SINGLE (Line Drive, 6MD, EV 96.2 MPH)
|
|
Batting: RHB Pablo Lopez
|
0-0: Foul Ball, location: 2F 0-1: Swinging Strike 0-2: Ball 1-2: Foul Ball, location: 2F 1-2: Ball 2-2: Ball 3-2: Foul Ball, location: 2F 3-2: SINGLE (Line Drive, 8LS, EV 91.2 MPH) Alex Fernandez to second Alex Fernandez to third
|
|
Batting: RHB Joe Hewitt
|
0-0: Foul Ball, location: 2F 0-1: Swinging Strike 0-2: Ball 1-2: Strikes out looking
|
| Top of the 2nd over - 0 runs, 2 hits, 0 errors, 2 left on base; Lakewood 0 - South Bend 3 |
| BOTTOM OF THE 2ND |
|
South Bend Cubs batting - Pitching for Lakewood BlueClaws : RHP Joe Morse
|
|
Batting: RHB Armando Vilano
|
0-0: Called Strike 0-1: Ball 1-1: Ball 2-1: Ball 3-1: SINGLE (Groundball, 6MD, EV 96.2 MPH)
|
|
Batting: RHB Jonathan Sotelo
|
0-0: Ball Armando Vilano steals 2nd base 1-0: DOUBLE (Flyball, 89D, EV 113.8 MPH) Armando Vilano scores
|
|
Batting: LHB Mark Huey
|
0-0: Foul Ball, location: 2F 0-1: Foul Ball, location: 2F 0-2: Ball 1-2: Ball 2-2: 2-RUN HOME RUN (Flyball, 9D, EV 100.6 MPH), Distance : 400 ft
|
|
Batting: RHB Rich Thurman
|
0-0: Foul Ball, location: 2F 0-1: Ball 1-1: Ground out 5-3 (Groundball, 5L, EV 100.0 MPH)
|
|
Batting: RHB Puluke Konane
|
0-0: Ball 1-0: Foul Ball, location: 2F 1-1: Ball 2-1: Ball 3-1: Base on Balls
|
|
Batting: RHB Mike Savage
|
0-0: Swinging Strike 0-1: Called Strike 0-2: Ball 1-2: Ball 2-2: Foul Ball, location: 2F 2-2: Ball 3-2: Foul Ball, location: 2F 3-2: SINGLE (Flyball, 89S, EV 95.6 MPH) Puluke Konane to second
|
|
Batting: RHB Leonardo Nava
|
0-0: Ball Puluke Konane steals 3rd base Mike Savage to second 1-0: Called Strike 1-1: Ball 2-1: Swinging Strike 2-2: Ground out 6-3 (Groundball, 6M, EV 103.1 MPH) Puluke Konane scores Mike Savage to third
|
|
Pitching: LHP Mike Aldrich
|
|
|
Batting: LHB Kwang-chih Men
|
0-0: Foul Ball, location: 2F 0-1: Ball 1-1: Foul Ball, location: 2F 1-2: Ground out 6-3 (Groundball, 6M, EV 95.6 MPH)
|
| Bottom of the 2nd over - 4 runs, 4 hits, 0 errors, 1 left on base; Lakewood 0 - South Bend 7 |
| TOP OF THE 3RD |
|
Lakewood BlueClaws batting - Pitching for South Bend Cubs : RHP Jake Newman
|
|
Batting: RHB Guan-pei Gao
|
0-0: TRIPLE (Line Drive, 9D, EV 108.8 MPH)
|
|
Batting: RHB Mark Schultz
|
0-0: Ball 1-0: Called Strike 1-1: Foul Ball, location: 2F 1-2: Foul Ball, location: 2F 1-2: Foul Ball, location: 2F 1-2: Foul Ball, location: 2F 1-2: SINGLE (Groundball, 34D, EV 101.9 MPH) Guan-pei Gao scores
|
|
Batting: RHB Vaclav Been
|
0-0: Foul Ball, location: 2F 0-1: Ball 1-1: Ball 2-1: Foul Ball, location: 2F 2-2: Foul Ball, location: 2F 2-2: Strikes out swinging
|
|
Batting: SHB Marco de Leon
|
0-0: Ball 1-0: Called Strike Mark Schultz steals 2nd base 1-1: Foul Ball, location: 2F 1-2: Ball 2-2: Foul Ball, location: 2F 2-2: Ball 3-2: Ground out 4-3 (Groundball, 34D, EV 105.6 MPH) Mark Schultz to third
|
|
Batting: RHB Victor Arroyo
|
0-0: Fly out, F9 (Flyball, 89M, EV 90.0 MPH)
|
| Top of the 3rd over - 1 run, 2 hits, 0 errors, 1 left on base; Lakewood 1 - South Bend 7 |
| BOTTOM OF THE 3RD |
|
South Bend Cubs batting - Pitching for Lakewood BlueClaws : LHP Mike Aldrich
|
|
Batting: SHB Gabriel Cruz
|
0-0: Ball 1-0: Called Strike 1-1: Called Strike 1-2: Strikes out swinging
|
|
Batting: RHB Armando Vilano
|
0-0: Ground out 5-3 (Groundball, 56S, EV 68.1 MPH)
|
|
Batting: RHB Jonathan Sotelo
|
0-0: Ground out 6-3 (Groundball, 56, EV 83.1 MPH)
|
| Bottom of the 3rd over - 0 runs, 0 hits, 0 errors, 0 left on base; Lakewood 1 - South Bend 7 |
| TOP OF THE 4TH |
|
Lakewood BlueClaws batting - Pitching for South Bend Cubs : RHP Jake Newman
|
|
Batting: RHB Roberto Ruiz
|
0-0: Called Strike 0-1: Called Strike 0-2: Ball 1-2: Ball 2-2: Foul Ball, location: 2F 2-2: Ball 3-2: Foul Ball, location: 2F 3-2: Ground out 6-3 (Groundball, 56, EV 85.0 MPH)
|
|
Batting: LHB Alex Fernandez
|
0-0: Called Strike 0-1: Ground out 3-1 (Groundball, 34S, EV 89.4 MPH)
|
|
Batting: RHB Pablo Lopez
|
0-0: SINGLE (Groundball, 56D, EV 108.8 MPH)
|
|
Batting: RHB Joe Hewitt
|
0-0: Ball 1-0: Ball 2-0: SINGLE (Groundball, 34D, EV 96.2 MPH) Pablo Lopez to second Runner from 2nd tries for 3rd, SAFE, throw by RF made at trailing runner, OUT! 9-6
|
| Top of the 4th over - 0 runs, 2 hits, 0 errors, 1 left on base; Lakewood 1 - South Bend 7 |
| BOTTOM OF THE 4TH |
|
South Bend Cubs batting - Pitching for Lakewood BlueClaws : LHP Mike Aldrich
|
|
Batting: LHB Mark Huey
|
0-0: Ball 1-0: Foul Ball, location: 2F 1-1: Ball 2-1: Ball 3-1: Base on Balls
|
|
Batting: RHB Rich Thurman
|
0-0: Ball 1-0: Ball 2-0: Ball 3-0: Called Strike 3-1: Called Strike 3-2: Foul Ball, location: 2F 3-2: Fielders Choice at 2nd, 6-4 (Groundball, 56, EV 97.5 MPH)
|
|
Batting: RHB Puluke Konane
|
0-0: Ball Rich Thurman steals 2nd base 1-0: Reached on error, E5 (Groundball, 56S, EV 83.1 MPH) Rich Thurman to third
|
|
Batting: RHB Mike Savage
|
0-0: Ball Puluke Konane is caught stealing 2nd base 2-4 1-0: Ball 2-0: Ball 3-0: Called Strike 3-1: Called Strike 3-2: Base on Balls
|
|
Batting: RHB Leonardo Nava
|
0-0: Ball 1-0: Ball 2-0: Ball 3-0: Called Strike 3-1: Ground out 4-3 (Groundball, 4S, EV 88.8 MPH)
|
| Bottom of the 4th over - 0 runs, 0 hits, 1 error, 2 left on base; Lakewood 1 - South Bend 7 |
| TOP OF THE 5TH |
|
Lakewood BlueClaws batting - Pitching for South Bend Cubs : RHP Jake Newman
|
|
Pitching: LHP Alex Gandarilla
|
|
|
Batting: RHB Guan-pei Gao
|
0-0: Called Strike 0-1: Called Strike 0-2: Ball 1-2: Ball 2-2: Strikes out swinging
|
|
Batting: RHB Mark Schultz
|
0-0: Called Strike 0-1: SINGLE (Groundball, 6MD, EV 109.4 MPH)
|
|
Batting: RHB Vaclav Been
|
0-0: Ball 1-0: Swinging Strike 1-1: Foul Ball, location: 2F 1-2: Ball 2-2: Ball 3-2: Foul Ball, location: 2F 3-2: Strikes out swinging
|
|
Batting: SHB Marco de Leon
|
0-0: Called Strike 0-1: Ball 1-1: Ball 2-1: Foul Ball, location: 2F 2-2: Ball 3-2: Foul Ball, location: 2F 3-2: Base on Balls Mark Schultz to second
|
|
Batting: RHB Victor Arroyo
|
0-0: Ball 1-0: Swinging Strike 1-1: Ball 2-1: Foul Ball, location: 2F 2-2: Ball 3-2: 3-RUN HOME RUN (Flyball, 7D, EV 100.6 MPH), Distance : 386 ft
|
|
Batting: RHB Roberto Ruiz
|
0-0: Ball 1-0: Foul Ball, location: 2F 1-1: Ball 2-1: Foul Ball, location: 2F 2-2: Ground out 5-3 (Groundball, 56, EV 85.0 MPH)
|
| Top of the 5th over - 3 runs, 2 hits, 0 errors, 0 left on base; Lakewood 4 - South Bend 7 |
| BOTTOM OF THE 5TH |
|
South Bend Cubs batting - Pitching for Lakewood BlueClaws : LHP Mike Aldrich
|
|
Batting: LHB Kwang-chih Men
|
0-0: Ball 1-0: Called Strike 1-1: Swinging Strike 1-2: Ball 2-2: Ball 3-2: Strikes out swinging
|
|
Batting: SHB Gabriel Cruz
|
0-0: Ball 1-0: Foul Ball, location: 2F 1-1: Called Strike 1-2: SOLO HOME RUN (Flyball, 78XD, EV 110.0 MPH), Distance : 413 ft
|
|
Batting: RHB Armando Vilano
|
0-0: Ground out 4-3 (Groundball, 4MD, EV 89.4 MPH)
|
|
Batting: RHB Jonathan Sotelo
|
0-0: Ball 1-0: Called Strike 1-1: Called Strike 1-2: Ball 2-2: SINGLE (Groundball, 56, EV 103.1 MPH)
|
|
Pitching: RHP Jonathan Beishline
|
|
|
Batting: LHB Mark Huey
|
0-0: Ball 1-0: Called Strike 1-1: Ground out 4-3 (Groundball, 4, EV 101.2 MPH)
|
| Bottom of the 5th over - 1 run, 2 hits, 0 errors, 1 left on base; Lakewood 4 - South Bend 8 |
| TOP OF THE 6TH |
|
Lakewood BlueClaws batting - Pitching for South Bend Cubs : LHP Alex Gandarilla
|
|
Batting: LHB Alex Fernandez
|
0-0: Ball 1-0: Ground out 2-3 (Groundball, 15S, EV 64.4 MPH)
|
|
Pitching: RHP Jose Ramirez
|
|
|
Batting: RHB Pablo Lopez
|
0-0: Called Strike 0-1: Ball 1-1: Ball 2-1: Foul Ball, location: 2F 2-2: Foul Ball, location: 2F 2-2: Ball 3-2: Fly out, F9 (Flyball, 89M, EV 73.1 MPH)
|
|
Batting: RHB Joe Hewitt
|
0-0: Ball 1-0: Ball 2-0: Foul Ball, location: 2F 2-1: Fly out, F4 (Popup, 23, EV 87.5 MPH)
|
| Top of the 6th over - 0 runs, 0 hits, 0 errors, 0 left on base; Lakewood 4 - South Bend 8 |
| BOTTOM OF THE 6TH |
|
South Bend Cubs batting - Pitching for Lakewood BlueClaws : RHP Jonathan Beishline
|
|
Batting: RHB Rich Thurman
|
0-0: Ball 1-0: Called Strike 1-1: Fly out, F9 (Line Drive, 89M, EV 92.5 MPH)
|
|
Batting: RHB Puluke Konane
|
0-0: Fly out, F9 (Flyball, 9LM, EV 85.0 MPH)
|
|
Batting: RHB Mike Savage
|
0-0: Foul Ball, location: 2F 0-1: Foul Ball, location: 2F 0-2: Ball 1-2: Ground out 6-3 (Groundball, 6M, EV 85.6 MPH)
|
| Bottom of the 6th over - 0 runs, 0 hits, 0 errors, 0 left on base; Lakewood 4 - South Bend 8 |
| TOP OF THE 7TH |
|
Lakewood BlueClaws batting - Pitching for South Bend Cubs : RHP Jose Ramirez
|
|
Batting: RHB Guan-pei Gao
|
0-0: Called Strike 0-1: Foul Ball, location: 2F 0-2: Ball 1-2: Fly out, F7 (Flyball, 78D, EV 103.8 MPH)
|
|
Batting: RHB Mark Schultz
|
0-0: Ball 1-0: Foul Ball, location: 2F 1-1: Ball 2-1: Ball 3-1: Foul Ball, location: 2F 3-2: Strikes out swinging
|
|
Batting: RHB Vaclav Been
|
0-0: Ground out 5-3 (Groundball, 5S, EV 70.6 MPH)
|
| Top of the 7th over - 0 runs, 0 hits, 0 errors, 0 left on base; Lakewood 4 - South Bend 8 |
| BOTTOM OF THE 7TH |
|
South Bend Cubs batting - Pitching for Lakewood BlueClaws : RHP Jonathan Beishline
|
|
Batting: RHB Leonardo Nava
|
0-0: Ball 1-0: Called Strike 1-1: Ball 2-1: Ball 3-1: Base on Balls
|
|
Batting: LHB Kwang-chih Men
|
0-0: Swinging Strike 0-1: Ball 1-1: Called Strike Leonardo Nava steals 2nd, throwing error, E2 Leonardo Nava to third 1-2: Ball 2-2: Ground out 6-3 (Groundball, 6, EV 88.8 MPH) Leonardo Nava scores
|
|
Batting: SHB Gabriel Cruz
|
0-0: Ball 1-0: Called Strike 1-1: Ball 2-1: Ground out 4-3 (Groundball, 4, EV 91.9 MPH)
|
|
Batting: RHB Armando Vilano
|
0-0: Foul Ball, location: 2F 0-1: Foul Ball, location: 2F 0-2: Ball 1-2: Ball 2-2: Foul Ball, location: 2F 2-2: Strikes out swinging
|
| Bottom of the 7th over - 1 run, 0 hits, 1 error, 0 left on base; Lakewood 4 - South Bend 9 |
| TOP OF THE 8TH |
|
Lakewood BlueClaws batting - Pitching for South Bend Cubs : RHP Jose Ramirez
|
|
Batting: SHB Marco de Leon
|
0-0: Ball 1-0: Ball 2-0: Ball 3-0: Called Strike 3-1: Base on Balls
|
|
Pitching: RHP Nicolai Volnov
|
|
|
Batting: RHB Victor Arroyo
|
0-0: Foul Ball, location: 2F 0-1: Ball 1-1: Called Strike 1-2: Strikes out looking
|
|
Batting: RHB Roberto Ruiz
|
0-0: Ball 1-0: Ball 2-0: Swinging Strike 2-1: Ball 3-1: Base on Balls Marco de Leon to second
|
|
Batting: LHB Alex Fernandez
|
0-0: Ball 1-0: Foul Ball, location: 2F 1-1: Ball 2-1: Swinging Strike 2-2: Strikes out swinging
|
|
Batting: RHB Pablo Lopez
|
0-0: Ball 1-0: Called Strike 1-1: Hit by Pitch Marco de Leon to third Roberto Ruiz to second
|
|
Batting: RHB Joe Hewitt
|
0-0: Ball 1-0: Fly out, F7 (Flyball, 7LS, EV 86.9 MPH)
|
| Top of the 8th over - 0 runs, 0 hits, 0 errors, 3 left on base; Lakewood 4 - South Bend 9 |
| BOTTOM OF THE 8TH |
|
South Bend Cubs batting - Pitching for Lakewood BlueClaws : RHP Jonathan Beishline
|
|
Batting: RHB Jonathan Sotelo
|
0-0: Called Strike 0-1: SINGLE (Line Drive, 6D, EV 98.1 MPH)
|
|
Batting: LHB Mark Huey
|
0-0: Ball 1-0: Foul Ball, location: 2F 1-1: Foul Ball, location: 2F 1-2: Strikes out looking Jonathan Sotelo is caught stealing 2nd base 2-6 Batter strikes out.
|
|
Batting: RHB Rich Thurman
|
0-0: Ball 1-0: Ball 2-0: Called Strike 2-1: Ball 3-1: Foul Ball, location: 2F 3-2: SINGLE (Groundball, 6MD, EV 103.1 MPH)
|
|
Pitching: RHP Dustin Greaves
|
|
|
Batting: RHB Puluke Konane
|
0-0: Ground out U3 (Groundball, 3, EV 82.5 MPH)
|
| Bottom of the 8th over - 0 runs, 2 hits, 0 errors, 1 left on base; Lakewood 4 - South Bend 9 |
| TOP OF THE 9TH |
|
Lakewood BlueClaws batting - Pitching for South Bend Cubs : RHP Nicolai Volnov
|
|
Pitching: RHP Miles Edwards
|
|
|
Batting: RHB Guan-pei Gao
|
0-0: Foul Ball, location: 2F 0-1: Ball 1-1: Ball 2-1: DOUBLE (Line Drive, 9LM, EV 100.6 MPH)
|
|
Batting: RHB Mark Schultz
|
0-0: Ball 1-0: Swinging Strike 1-1: Foul Ball, location: 2F 1-2: Strikes out looking
|
|
Batting: RHB Vaclav Been
|
0-0: Ball 1-0: Foul Ball, location: 2F 1-1: Ball 2-1: Swinging Strike 2-2: Strikes out swinging
|
|
Batting: SHB Marco de Leon
|
0-0: Ball 1-0: Ball 2-0: Ball 3-0: Called Strike 3-1: SINGLE (Line Drive, 6D, EV 95.6 MPH) Guan-pei Gao to third
|
|
Pitching: RHP Ryohei Uda
|
|
|
Batting: RHB Victor Arroyo
|
0-0: Called Strike 0-1: Foul Ball, location: 2F 0-2: Ball 1-2: Ball 2-2: Strikes out swinging
|
| Top of the 9th over - 0 runs, 2 hits, 0 errors, 2 left on base; Lakewood 4 - South Bend 9 |
|